APP
TEXAS (APP) RANGERS @ OREM OWLZ
07/08/2044
 
TOP OF THE 1ST
Texas (APP) Rangers batting - Pitching for Orem Owlz : RHP Chris Russell
Pitching: RHP Chris Russell
Batting: LHB Walter Vegter 0-0: Called Strike
0-1: Ball
1-1: Ball
2-1: Foul Ball, location: 2F
2-2: Foul Ball, location: 2F
2-2: Ground out 6-3 (Groundball, 6, EV 84.4 MPH)
Batting: SHB Mark Paquin 0-0: Called Strike
0-1: Called Strike
0-2: Ball
1-2: Ball
2-2: Ball
3-2: Foul Ball, location: 2F
3-2: Foul Ball, location: 2F
3-2: Foul Ball, location: 2F
3-2: Foul Ball, location: 2F
3-2: Base on Balls
Batting: RHB Robby Adair 0-0: Ball
1-0: Ball
2-0: Fielders Choice at 2nd, 4-6 (Groundball, 34, EV 86.9 MPH)
Batting: RHB Ryan Pastore 0-0: Ball
Robby Adair steals 2nd base (no throw)
1-0: Ball
Wild Pitch!
Robby Adair to third
2-0: Ball
Wild Pitch!
Robby Adair scores
3-0: Called Strike
3-1: SOLO HOME RUN (Flyball, 89XD, EV 110.0 MPH), Distance : 410 ft
Batting: RHB David Redman 0-0: Foul Ball, location: 2F
0-1: Foul Ball, location: 2F
0-2: Fly out, F9 (Line Drive, 9, EV 93.8 MPH)
Top of the 1st over - 2 runs, 1 hit, 0 errors, 0 left on base; Texas (APP) 2 - Orem 0
BOTTOM OF THE 1ST
Orem Owlz batting - Pitching for Texas (APP) Rangers : RHP Jim Canady
Pitching: RHP Jim Canady
Batting: LHB Justin Alexander 0-0: Called Strike
0-1: Foul Ball, location: 2F
0-2: Foul Ball, location: 2F
0-2: Ball
1-2: DOUBLE (Line Drive, 8RXD, EV 109.4 MPH)
Batting: RHB Danny Bjarnson 0-0: Ball
1-0: DOUBLE (Groundball, 5L, EV 115.0 MPH)
Justin Alexander scores
Batting: LHB Brett Bugge 0-0: SINGLE (Line Drive, 4D, EV 96.9 MPH)
Danny Bjarnson to third
Batting: RHB Mike Alm 0-0: SINGLE (Flyball, 34D, EV 92.5 MPH)
Danny Bjarnson scores
Brett Bugge to second
Batting: RHB Ryan Pelletier 0-0: Called Strike
0-1: Ball
1-1: Swinging Strike
1-2: Fielders Choice at 2nd, 4-6 (Groundball, 4, EV 94.4 MPH)
Brett Bugge to third
Batting: RHB J.R. Roberts 0-0: Called Strike
0-1: Ball
1-1: Ball
2-1: Fly out, F8 (Flyball, 8LS, EV 83.8 MPH)
Batting: SHB Winikeneke Keikemamake 0-0: Ground out 4-3 (Groundball, 34, EV 81.9 MPH)
Bottom of the 1st over - 2 runs, 4 hits, 0 errors, 2 left on base; Texas (APP) 2 - Orem 2
TOP OF THE 2ND
Texas (APP) Rangers batting - Pitching for Orem Owlz : RHP Chris Russell
Batting: RHB Matt Silva 0-0: Swinging Strike
0-1: Called Strike
0-2: Ball
1-2: SINGLE (Groundball, 5D, EV 98.1 MPH)
Batting: LHB Tomoya Hashimoto 0-0: Called Strike
0-1: Ball
1-1: Fielders Choice at 2nd, 4-6 (Groundball, 4, EV 92.5 MPH)
Batting: RHB Rafael Tapia 0-0: Called Strike
0-1: Ball
1-1: Ball
2-1: Foul Ball, location: 2F
2-2: Ball
3-2: Ground out 4-3 (Groundball, 4MD, EV 110.0 MPH)
Tomoya Hashimoto to second
Batting: SHB Albert Ortiz 0-0: Ball
1-0: Ball
2-0: Ball
3-0: Base on Balls
Batting: LHB Walter Vegter 0-0: Ball
1-0: Ball
2-0: Ball
3-0: Called Strike
3-1: Ground out 4-3 (Groundball, 4, EV 81.9 MPH)
Top of the 2nd over - 0 runs, 1 hit, 0 errors, 2 left on base; Texas (APP) 2 - Orem 2
BOTTOM OF THE 2ND
Orem Owlz batting - Pitching for Texas (APP) Rangers : RHP Jim Canady
Batting: RHB Kinya Nishimura 0-0: Called Strike
0-1: Fly out, F8 (Flyball, 8LD, EV 86.9 MPH)
Batting: RHB Luis Garcia 0-0: Called Strike
0-1: Swinging Strike
0-2: Ball
1-2: Foul Ball, location: 2F
1-2: Ball
2-2: Ball
3-2: Ground out 6-3 (Groundball, 6, EV 91.3 MPH)
Batting: LHB Justin Alexander 0-0: SINGLE (Line Drive, 89M, EV 99.4 MPH)
Batting: RHB Danny Bjarnson 0-0: Ball
Justin Alexander steals 2nd base
1-0: Foul Ball, location: 2F
1-1: Called Strike
1-2: DOUBLE (Line Drive, 7LS, EV 95.6 MPH)
Justin Alexander scores
Batting: LHB Brett Bugge 0-0: Ball
1-0: Foul Ball, location: 2F
1-1: Foul Ball, location: 2F
1-2: SINGLE (Groundball, 5L, EV 100.6 MPH) (infield hit)
Danny Bjarnson to third
Batting: RHB Mike Alm 0-0: Called Strike
0-1: Foul Ball, location: 2F
0-2: Ball
1-2: Ball
2-2: Ball
3-2: SINGLE (Line Drive, 8LS, EV 90.0 MPH)
Danny Bjarnson scores
Brett Bugge to second
Brett Bugge to third
Batting: RHB Ryan Pelletier 0-0: Ball
1-0: Ball
2-0: Called Strike
2-1: SINGLE (Line Drive, 9S, EV 92.5 MPH)
Brett Bugge scores
Mike Alm to second
Runner from 2nd tries for 3rd, SAFE, no throw by RF
Batting: RHB J.R. Roberts 0-0: Ball
1-0: Ball
2-0: Called Strike
2-1: Called Strike
2-2: Foul Ball, location: 2F
2-2: Ball
3-2: Foul Ball, location: 2F
3-2: SINGLE (Line Drive, 6D, EV 99.4 MPH)
Mike Alm scores
Ryan Pelletier to second
Ryan Pelletier to third
Batting: SHB Winikeneke Keikemamake 0-0: Ball
1-0: Called Strike
1-1: Fly out, F6 (Line Drive, 6, EV 73.1 MPH)
Bottom of the 2nd over - 4 runs, 6 hits, 0 errors, 2 left on base; Texas (APP) 2 - Orem 6
TOP OF THE 3RD
Texas (APP) Rangers batting - Pitching for Orem Owlz : RHP Chris Russell
Batting: SHB Mark Paquin 0-0: Ball
1-0: Called Strike
1-1: Foul Ball, location: 2F
1-2: Ground out 4-3 (Groundball, 4M, EV 102.5 MPH)
Batting: RHB Robby Adair 0-0: Ball
1-0: SINGLE (Line Drive, 89S, EV 103.8 MPH)
Batting: RHB Ryan Pastore 0-0: Called Strike
0-1: Fly out, F5 (Popup, 5F, EV 61.3 MPH)
Batting: RHB David Redman 0-0: Foul Ball, location: 2F
0-1: Foul Ball, location: 2F
0-2: Ball
Wild Pitch!
Robby Adair to second
1-2: Ball
2-2: Ball
3-2: Foul Ball, location: 2F
3-2: Fly out, F7 (Flyball, 78M, EV 81.9 MPH)
Top of the 3rd over - 0 runs, 1 hit, 0 errors, 1 left on base; Texas (APP) 2 - Orem 6
BOTTOM OF THE 3RD
Orem Owlz batting - Pitching for Texas (APP) Rangers : RHP Jim Canady
Batting: RHB Kinya Nishimura 0-0: Called Strike
0-1: Foul Ball, location: 2F
0-2: Ball
1-2: Ball
2-2: Foul Ball, location: 2F
2-2: SINGLE (Groundball, 4MD, EV 106.9 MPH)
Batting: RHB Luis Garcia 0-0: Called Strike
0-1: Fly out, F5 (Flyball, 56D, EV 94.4 MPH)
Batting: LHB Justin Alexander 0-0: Ball
1-0: Fielders Choice at 2nd, 4-6 (Groundball, 34, EV 84.4 MPH)
Batting: RHB Danny Bjarnson 0-0: Ball
1-0: Foul Ball, location: 2F
1-1: Ball
2-1: Foul Ball, location: 2F
2-2: Ball
3-2: Foul Ball, location: 2F
3-2: Ground out 6-3 (Groundball, 6S, EV 65.6 MPH)
Bottom of the 3rd over - 0 runs, 1 hit, 0 errors, 1 left on base; Texas (APP) 2 - Orem 6
TOP OF THE 4TH
Texas (APP) Rangers batting - Pitching for Orem Owlz : RHP Chris Russell
Batting: RHB Matt Silva 0-0: Ball
1-0: Ball
2-0: Foul Ball, location: 2F
2-1: Ball
3-1: Called Strike
3-2: Base on Balls
Batting: LHB Tomoya Hashimoto 0-0: Fly out, F7 (Flyball, 78D, EV 73.8 MPH)
Batting: RHB Rafael Tapia 0-0: Fly out, F6 (Flyball, 6D, EV 78.1 MPH)
Batting: SHB Albert Ortiz 0-0: Foul Ball, location: 2F
0-1: Ball
1-1: Foul Ball, location: 2F
1-2: SINGLE (Groundball, 34D, EV 104.4 MPH)
Matt Silva to second
Runner from 2nd tries for 3rd, SAFE, throw by RF made to third
Batting: LHB Walter Vegter 0-0: Ball
1-0: SINGLE (Groundball, 4MD, EV 96.9 MPH)
Matt Silva scores
Albert Ortiz to second
Batting: SHB Mark Paquin 0-0: Called Strike
0-1: Ground out 6-3 (Groundball, 6MS, EV 73.1 MPH)
Top of the 4th over - 1 run, 2 hits, 0 errors, 2 left on base; Texas (APP) 3 - Orem 6
BOTTOM OF THE 4TH
Orem Owlz batting - Pitching for Texas (APP) Rangers : RHP Jim Canady
Batting: LHB Brett Bugge 0-0: Called Strike
0-1: Ground out 6-3 (Groundball, 6, EV 90.0 MPH)
Batting: RHB Mike Alm 0-0: Called Strike
0-1: Ball
1-1: Swinging Strike
1-2: Ball
2-2: Strikes out swinging
Batting: RHB Ryan Pelletier 0-0: Foul Ball, location: 2F
0-1: Ground out 5-3 (Groundball, 56, EV 83.8 MPH)
Bottom of the 4th over - 0 runs, 0 hits, 0 errors, 0 left on base; Texas (APP) 3 - Orem 6
TOP OF THE 5TH
Texas (APP) Rangers batting - Pitching for Orem Owlz : RHP Chris Russell
Pitching: RHP Tim Anderson
Batting: RHB Robby Adair 0-0: Foul Ball, location: 2F
0-1: Foul Ball, location: 2F
0-2: Ball
1-2: Strikes out looking
Batting: RHB Ryan Pastore 0-0: Called Strike
0-1: Swinging Strike
0-2: Foul Ball, location: 2F
0-2: Ball
1-2: Foul Ball, location: 2F
1-2: Foul Ball, location: 2F
1-2: Ball
2-2: Foul Ball, location: 2F
2-2: Strikes out swinging
Batting: RHB David Redman 0-0: Ball
1-0: Swinging Strike
1-1: Ball
2-1: Ball
3-1: Foul Ball, location: 2F
3-2: SINGLE (Groundball, 6MD, EV 101.9 MPH)
Batting: RHB Matt Silva 0-0: Ball
David Redman is caught stealing 2nd base 2-4
Top of the 5th over - 0 runs, 1 hit, 0 errors, 0 left on base; Texas (APP) 3 - Orem 6
BOTTOM OF THE 5TH
Orem Owlz batting - Pitching for Texas (APP) Rangers : RHP Jim Canady
Batting: RHB J.R. Roberts 0-0: Ball
1-0: Swinging Strike
1-1: Ground out 4-3 (Groundball, 4, EV 85.6 MPH)
Batting: SHB Winikeneke Keikemamake 0-0: Swinging Strike
0-1: Foul Ball, location: 2F
0-2: Ball
1-2: SINGLE (Groundball, 56S, EV 71.3 MPH) (infield hit)
Batting: RHB Kinya Nishimura 0-0: Foul Ball, location: 2F
0-1: Foul Ball, location: 2F
0-2: SINGLE (Line Drive, 8RS, EV 95.0 MPH)
Winikeneke Keikemamake to second
Runner from 2nd tries for 3rd, SAFE, throw by CF made to third
Batting: RHB Luis Garcia 0-0: Ball
1-0: Ball
2-0: SINGLE (Groundball, 4MD, EV 101.3 MPH)
Winikeneke Keikemamake scores
Kinya Nishimura to second
Pitching: RHP Tim Laverty
Batting: LHB Justin Alexander 0-0: Called Strike
0-1: Called Strike
0-2: Foul Ball, location: 2F
0-2: SINGLE (Flyball, 56D, EV 87.5 MPH)
Kinya Nishimura to third
Luis Garcia to second
Batting: RHB Danny Bjarnson 0-0: Called Strike
0-1: SINGLE (Line Drive, 89S, EV 103.1 MPH)
Kinya Nishimura scores
Luis Garcia to third
Justin Alexander to second
Batting: LHB Brett Bugge 0-0: Ball
1-0: SINGLE (Line Drive, 9LM, EV 94.4 MPH)
Luis Garcia scores
Justin Alexander to third
Danny Bjarnson to second
Runner from 3rd tries for Home, throw by RF and OUT! 9-2
Batting: RHB Mike Alm 0-0: Ball
1-0: Foul Ball, location: 2F
1-1: Ball
2-1: Ball
3-1: Called Strike
3-2: Base on Balls
Danny Bjarnson to third
Brett Bugge to second
Batting: RHB Ryan Pelletier 0-0: Ground out 4-3 (Groundball, 4, EV 104.4 MPH)
Bottom of the 5th over - 3 runs, 6 hits, 0 errors, 3 left on base; Texas (APP) 3 - Orem 9
TOP OF THE 6TH
Texas (APP) Rangers batting - Pitching for Orem Owlz : RHP Tim Anderson
Batting: RHB Matt Silva 0-0: Called Strike
0-1: Ball
1-1: Ball
2-1: Ball
3-1: SINGLE (Groundball, 6D, EV 96.3 MPH)
Batting: LHB Tomoya Hashimoto 0-0: Swinging Strike
0-1: Ball
1-1: Ball
Matt Silva is caught stealing 2nd base 2-6
2-1: Ball
3-1: Foul Ball, location: 2F
3-2: Ground out 1-3 (Groundball, 13S, EV 72.5 MPH)
Batting: RHB Rafael Tapia 0-0: Ball
1-0: Foul Ball, location: 2F
1-1: Ball
2-1: Ball
3-1: Ground out 6-3 (Groundball, 56, EV 80.0 MPH)
Top of the 6th over - 0 runs, 1 hit, 0 errors, 0 left on base; Texas (APP) 3 - Orem 9
BOTTOM OF THE 6TH
Orem Owlz batting - Pitching for Texas (APP) Rangers : RHP Tim Laverty
Batting: RHB J.R. Roberts 0-0: Called Strike
0-1: Ball
1-1: Fly out, F7 (Flyball, 7S, EV 80.0 MPH)
Batting: SHB Winikeneke Keikemamake 0-0: Ball
1-0: Ball
2-0: SINGLE (Line Drive, 9S, EV 98.1 MPH)
Batting: RHB Kinya Nishimura 0-0: Foul Ball, location: 2F
0-1: Ball
1-1: Fielders Choice at 2nd, 5-4 (Groundball, 56, EV 95.6 MPH)
Batting: RHB Luis Garcia 0-0: Ball
1-0: Ball
2-0: Called Strike
2-1: Ball
3-1: 2-RUN HOME RUN (Flyball, 7D, EV 101.9 MPH), Distance : 383 ft
Batting: LHB Justin Alexander 0-0: Foul Ball, location: 2F
0-1: Fly out, F5 (Popup, 5SF, EV 80.0 MPH)
Bottom of the 6th over - 2 runs, 2 hits, 0 errors, 0 left on base; Texas (APP) 3 - Orem 11
TOP OF THE 7TH
Texas (APP) Rangers batting - Pitching for Orem Owlz : RHP Tim Anderson
Pitching: RHP Troy Ingram
Batting: SHB Albert Ortiz 0-0: Ball
1-0: Ground out U3 (Groundball, 3L, EV 99.4 MPH)
Pinch Hitting: RHB Jordan Llanes 0-0: Called Strike
0-1: Ball
1-1: Called Strike
1-2: Strikes out swinging
Batting: SHB Mark Paquin 0-0: Called Strike
0-1: Ball
1-1: Foul Ball, location: 2F
1-2: Ball
2-2: DOUBLE (Flyball, 8RXD, EV 92.5 MPH)
Batting: RHB Robby Adair 0-0: Ball
1-0: Ball
2-0: Ball
3-0: Base on Balls
Pinch Hitting: RHB Jeremy Palac 0-0: Fly out, F9 (Flyball, 9, EV 86.3 MPH)
Top of the 7th over - 0 runs, 1 hit, 0 errors, 2 left on base; Texas (APP) 3 - Orem 11
BOTTOM OF THE 7TH
Orem Owlz batting - Pitching for Texas (APP) Rangers : RHP Tim Laverty
Now at 1B: Matt Silva
Now in LF: Shawn Weber
Now in CF: Jordan Llanes
Batting: RHB Danny Bjarnson 0-0: Ball
1-0: Foul Ball, location: 2F
1-1: Foul Ball, location: 2F
1-2: Ball
2-2: Ball
3-2: Ground out 5-3 (Groundball, 5L, EV 87.5 MPH)
Batting: LHB Brett Bugge 0-0: Ball
1-0: Swinging Strike
1-1: Ball
2-1: Foul Ball, location: 2F
2-2: Foul Ball, location: 2F
2-2: Ball
3-2: Base on Balls
Pitching: RHP Logan Dietz
Batting: RHB Mike Alm 0-0: Ball
1-0: Called Strike
1-1: Single, Error in OF, E7, batter to second base (Line Drive, 6D, EV 98.8 MPH)
Brett Bugge to third
Pinch Hitting: RHB Danny Guevara 0-0: Ball
1-0: Foul Ball, location: 2F
1-1: DOUBLE (Line Drive, 9LM, EV 108.1 MPH)
Brett Bugge scores
Mike Alm scores
Pinch Hitting: RHB Javier Castaneda 0-0: Ball
1-0: Foul Ball, location: 2F
1-1: Ball
2-1: Ground out 5-3 (Groundball, 56, EV 84.4 MPH)
Pinch Hitting: RHB Tristan Lewis 0-0: Foul Ball, location: 2F
0-1: Ball
1-1: Ball
2-1: Foul Ball, location: 2F
2-2: Foul Ball, location: 2F
2-2: Strikes out swinging
Bottom of the 7th over - 2 runs, 2 hits, 1 error, 1 left on base; Texas (APP) 3 - Orem 13
TOP OF THE 8TH
Texas (APP) Rangers batting - Pitching for Orem Owlz : RHP Troy Ingram
Now at 1B: Nick Isaac
Now at 2B: Tristan Lewis
Now at SS: Danny Bjarnson
Now in CF: Danny Guevara
Batting: RHB David Redman 0-0: Ball
1-0: Foul Ball, location: 2F
1-1: Ball
2-1: SOLO HOME RUN (Flyball, 9D, EV 97.5 MPH), Distance : 380 ft
Batting: RHB Matt Silva 0-0: Ball
1-0: Ball
2-0: Foul Ball, location: 2F
2-1: Ground out 5-3 (Groundball, 56, EV 106.9 MPH)
Batting: LHB Tomoya Hashimoto 0-0: Ball
1-0: Ball
2-0: Ball
3-0: Called Strike
3-1: Base on Balls
Batting: RHB Rafael Tapia 0-0: DOUBLE (Flyball, 89D, EV 92.5 MPH)
Tomoya Hashimoto to third
Batting: SHB Albert Ortiz 0-0: Ball
1-0: Foul Ball, location: 2F
1-1: Ball
2-1: Ball
3-1: Base on Balls
Pitching: RHP Kennie Williams
Pinch Hitting: LHB Justin Wheelock 0-0: Ball
1-0: Swinging Strike
1-1: Ball
2-1: Foul Ball, location: 2F
2-2: Fly out, F6 (Popup, 6S, EV 76.9 MPH)
Batting: SHB Mark Paquin 0-0: Called Strike
0-1: Foul Ball, location: 2F
0-2: Strikes out looking
Top of the 8th over - 1 run, 2 hits, 0 errors, 3 left on base; Texas (APP) 4 - Orem 13
BOTTOM OF THE 8TH
Orem Owlz batting - Pitching for Texas (APP) Rangers : RHP Logan Dietz
Now in LF: Alex Lopez
Now in CF: Shawn Weber
Batting: RHB Kinya Nishimura 0-0: Called Strike
0-1: Called Strike
0-2: Strikes out looking
Batting: RHB Luis Garcia 0-0: Called Strike
0-1: Swinging Strike
0-2: Ball
1-2: Ball
2-2: Ball
3-2: Strikes out swinging
Batting: LHB Justin Alexander 0-0: Called Strike
0-1: Ground out 4-3 (Groundball, 4D, EV 88.1 MPH)
Bottom of the 8th over - 0 runs, 0 hits, 0 errors, 0 left on base; Texas (APP) 4 - Orem 13
TOP OF THE 9TH
Texas (APP) Rangers batting - Pitching for Orem Owlz : RHP Kennie Williams
Batting: RHB Robby Adair 0-0: Ball
1-0: Ball
2-0: Swinging Strike
2-1: Swinging Strike
2-2: Strikes out looking
Batting: RHB Shawn Weber 0-0: Called Strike
0-1: Ground out 6-3 (Groundball, 6, EV 89.4 MPH)
Batting: RHB David Redman 0-0: Called Strike
0-1: Ball
1-1: Ball
2-1: Foul Ball, location: 2F
2-2: Fly out, F7 (Flyball, 7LS, EV 85.0 MPH)
Top of the 9th over - 0 runs, 0 hits, 0 errors, 0 left on base; Texas (APP) 4 - Orem 13
Thursday, March 31st , 2022 - OOTP Baseball 22.12 Build 89